 Dungeon Crawl Stone Soup version 0.19-a0-1686-g35356ef (webtiles) character file.

538094 jedvagenij the Hoplite (level 24, -4/231 HPs)
             Began as a Deep Dwarf Fighter on Sept 25, 2016.
             Was the Champion of Makhleb.
             Slain by an ettin simulacrum (28 damage)
             ... summoned by a greater mummy
             ... on level 1 of the Tomb of the Ancients.
             The game lasted 03:31:44 (42881 turns).

jedvagenij the Hoplite (Deep Dwarf Fighter)        Turns: 42881, Time: 03:31:45

Health: -4/231     AC: 49    Str: 46      XL:     24   Next: 65%
Magic:  5/5        EV: 15    Int: 19 (21) God:    Makhleb [******]
Gold:   3155       SH: 41    Dex: 10 (12) Spells: 0 memorised, 23 levels left

rFire  + . .     SeeInvis +     a - +8 war axe of Ragnarok {chop, *Noise rElec rPois Int+7}
rCold  . . .     Gourm    .     z - +10 plate armour
rNeg   + + +     Faith    .     g - +6 large shield {rN+}
rPois  +         Spirit   .     W - +5 helmet of the Fiddle {rN+ Regen+ Str+3 Slay-2}
rElec  +         Dismiss  .     X - +2 cloak of the Thief {+Fog Slay-2 SInv Stlth+}
rCorr  .         Reflect  +     c - +0 pair of gloves {Str+3}
MR     ++++.     Harm     .     V - +2 pair of boots {Fly}
Stlth  .......... Clarity  +    K - +5 amulet of reflection
                                v - ring of Soawkele {*Drain rPois rN+ Str+4 Slay+4}
                                q - +5 ring of strength

@: very slightly contaminated, non-regenerating, hasted and slowed
A: damage resistance, recharge devices, claws 1, molten scales 1, slimy green
scales 2, blurry vision 1, clarity, clever 1, fire resistance 1, magic
resistance 1, negative energy resistance 1, sense surroundings 3, electricity
resistance, slow regeneration 3, strong 1
a: Device Recharging, Minor Destruction, Lesser Servant of Makhleb, Major
Destruction, Greater Servant of Makhleb, Renounce Religion, Evoke Fog, Evoke
Flight
}: 3/15 runes: serpentine, barnacled, silver


You were on level 1 of the Tomb of the Ancients.
You worshipped Makhleb.
Makhleb was exalted by your worship.
You were not hungry.

You visited 10 branches of the dungeon, and saw 45 of its levels.
You visited 1 bazaar.

You collected 6000 gold pieces.
You spent 2845 gold pieces at shops.

Inventory:

Hand Weapons
 a - the +8 war axe of Ragnarok (weapon) {chop, *Noise rElec rPois Int+7}
   (You took it off a deep elf elementalist on level 3 of the Elven Halls)

   It inflicts extra damage upon your enemies.
   It affects your intelligence (+7).
   It insulates you from electricity.
   It protects you from poison.
   It may make noises in combat.
 b - a +7 morningstar of electrocution
 O - the +0 war axe "Mihoxt" {holy, rPois Str+4 Int-2 SInv}
   (You found it on level 5 of the Vaults)

   It has been blessed by the Shining One to cause great damage to the undead
   and demons.
   It affects your strength (+4).
   It affects your intelligence (-2).
   It protects you from poison.
   It lets you see invisible.
Armour
 c - a +0 pair of gloves of strength (worn)
 g - a +6 large shield of positive energy (worn)
 z - a +10 plate armour (worn)
 V - a +2 pair of boots of flying (worn)
 W - the +5 helmet of the Fiddle (worn) {rN+ Regen+ Str+3 Slay-2}
   (You found it on level 4 of the Shoals)

   It affects your strength (+3).
   It affects your accuracy and damage with ranged weapons and melee attacks
   (-2).
   It protects you from negative energy.
   It increases your rate of regeneration.
 X - the +2 cloak of the Thief (worn) {+Fog Slay-2 SInv Stlth+}
   (You bought it in a shop on level 1 of the Elven Halls)

   It affects your accuracy and damage with ranged weapons and melee attacks
   (-2).
   It lets you see invisible.
   It can be evoked to emit clouds of fog.
   It makes you more stealthy.
Rods
 s - a +5 lightning rod (12/12)
   (You found it on level 3 of the Crypt)
Jewellery
 q - a +5 ring of strength (left hand)
 v - the ring of Soawkele (right hand) {*Drain rPois rN+ Str+4 Slay+4}
   (You found it on level 3 of the Crypt)

   [ring of positive energy]

   It affects your strength (+4).
   It affects your accuracy and damage with ranged weapons and melee attacks
   (+4).
   It protects you from poison.
   It protects you from negative energy.
   It causes draining when unequipped.
 J - the amulet "Istrife" {Dismiss rElec rC+ Str+2 Dex-4 SInv}
   (You took it off a deep elf death mage on level 3 of the Elven Halls)

   [amulet of dismissal]

   It may teleport away creatures that harm you.
   It affects your strength (+2).
   It affects your dexterity (-4).
   It protects you from cold.
   It insulates you from electricity.
   It lets you see invisible.
 K - a +5 amulet of reflection (around neck)
Wands
 e - a wand of heal wounds (0/9)
 k - a wand of hasting (0/9)
 r - a wand of iceblast (13/15)
 x - a wand of flame (2/48)
 F - a wand of disintegration (5/24)
 I - a wand of lightning (7/15)
 L - a wand of flame (22/48)
 Q - a wand of digging (11/24)
 R - a wand of acid (9/15)
 U - a wand of lightning (3/15)
Scrolls
 h - 11 scrolls of remove curse
 o - 14 scrolls of teleportation
 p - 7 scrolls of fog
 w - 4 scrolls of blinking
 y - 2 scrolls of identify
 B - 5 scrolls of fear
 H - a scroll of silence
 T - 5 scrolls of magic mapping
 Z - 2 scrolls of holy word
Potions
 d - 8 potions of might
 i - 8 potions of magic
 j - 6 potions of cure mutation
 l - 5 potions of lignification
 n - 11 potions of curing
 t - 2 potions of cancellation
 A - 4 potions of resistance
 D - 9 potions of agility
Miscellaneous
 P - a disc of storms
Comestibles
 f - 13 bread rations
 m - 13 meat rations
 E - 36 fruits


   Skills:
 * Level 16.9 Fighting
 * Level 22.4(22.5) Axes
 + Level 4.4(14.8) Maces & Flails
 * Level 16.3 Armour
 * Level 13.8 Dodging
 * Level 25.0 Shields
 * Level 13.2 Invocations
 * Level 18.3 Evocations


You had 23 spell levels left.
You didn't know any spells.

Dungeon Overview and Level Annotations

Branches:
Dungeon (15/15)            Temple (1/1) D:6            Lair (6/6) D:9
 Shoals (4/4) Lair:4        Snake (4/4) Lair:3        Slime (0/5) Lair:5
    Orc (2/2) D:11            Elf (3/3) Orc:2        Vaults (5/5) D:14
  Crypt (3/3) Vaults:3       Tomb (2/3) Crypt:3      Depths (0/5) D:15

Altars:
Ashenzari
Cheibriados
Dithmenos
Elyvilon
Hepliaklqana
Kikubaaqudgha
Makhleb
Nemelex Xobeh
Okawaru
Qazlal
Ru
Sif Muna
Trog
Uskayaw
Vehumet
Xom
Yredelemnul
Zin
The Shining One
Beogh
Jiyva

Shops:
D:9 =   Orc:2 :%%[   Elf:1 %([:?   Elf:2 :   Shoals:1 [   Vaults:1 [
Vaults:2 [


Innate Abilities, Weirdness & Mutations

You are resistant to damage.
You can recharge devices by infusing magical energy.
You resist negative energy. (rN+)
You passively map a large area around you.
You do not regenerate.
You have sharp fingernails.
You are partially covered in molten scales. (AC +2)
You are mostly covered in slimy green scales. (AC +3)
Scrolls take you a little longer to read.
You possess an exceptional clarity of mind.
Your mind is acute. (Int +2)
Your flesh is heat resistant. (rF+)
You are resistant to hostile enchantments. (MR+)
You are resistant to electric shocks. (rElec)
Your muscles are strong. (Str +2)


Message History

You feel yourself speed up.
You are very lightly contaminated with residual magic.
Evoking this partially-identified wand wasted a few charges.
You block the death scarab's attack.
The flying skull hits you but does no damage.
You block the mana viper's attack. The death scarab bites you!!
* * * LOW HITPOINT WARNING * * *
The death scarab drains your vigour!
You feel as though you will be slow longer.
The wraith misses you.
You block the ettin simulacrum's attack. x2
The greater mummy calls on the powers of darkness!
Your body is wracked with pain!
* * * LOW HITPOINT WARNING * * *
The mana viper convulses! x2
The greater mummy hits you but does no damage.
You block the wight's attack. The mana viper barely misses you.
You block the flying skull's attack. The ettin simulacrum hits you!
The ettin simulacrum freezes you!!
You die...

8.# ***####*#####.........#
..# **,,,...##..##.........#
..# **,,,,,n..#..##.........#
8.# **,,,****.....##.........#
..#**,,,*,,,**....##.........#
..#*,,,*,,,,,**.8.##.........#
8.#*,,*,,,,,,>##VW##.........#
..#*,,,*,,,,,##MMs##.........#
..#**,,,*,,,##SZ@z##.........#
8.# **,,,***#.sSWz##.........#
..# **,,.....Z#Ws##.........#
'## **,...:.##..##.........#
..##############..##.........#
...............#..##.........#
8............8.#..##.........#
...............#..##.........#
############...#..##.........#


You could see 2 greater mummies, a phantasmal warrior, 2 mana vipers, an
ushabti, a vampire (invisible), 2 wraiths, 3 death scarabs, a flying skull, a
wight, a swamp dragon simulacrum and an ettin simulacrum.

Vanquished Creatures
  Mennas (Vaults:4)
  11 greater mummies
  Bai Suzhen (Shoals:4)
  Frederick (Vaults:5)
  Xtahua (Crypt:1)
  2 golden dragons
  Jory (Vaults:3)
  A profane servitor (Crypt:3)
  Nikola (Snake:1)
  A bone dragon (Crypt:3)
  Jorgrun (Snake:4)
  4 tentacled monstrosities (Vaults:5)
  5 liches
  7 titans (Vaults:5)
  The ghost of e25 the Severer, an adept DsGl of Makhleb (Elf:3)
  A quicksilver dragon (Vaults:5)
  3 deep elf blademasters
  10 sphinxes
  2 krakens (Shoals:4)
  A shadow dragon (shapeshifter) (Vaults:1)
  6 shadow dragons
  12 ancient champions
  Kirke (Lair:4)
  5 revenants
  7 tengu reavers
  2 storm dragons (Vaults:5)
  The ghost of Deemzul the Fencer, an adept DsBe of Trog (Elf:3)
  2 fire giants
  7 greater nagas
  3 deep elf sorcerers (Elf:3)
  Ilsuiw (Shoals:4)
  An orc warlord (Vaults:5)
  6 frost giants
  An iron dragon (Vaults:5)
  Louise (Snake:4)
  13 vault wardens
  A curse skull (Crypt:3)
  Aizul (Snake:3)
  3 deep elf elementalists (Elf:3)
  14 ironheart preservers
  6 very ugly things (Vaults:4)
  7 ghouls
  3 war gargoyles
  4 entropy weavers
  8 stone giants
  A juggernaut skeleton (Crypt:2)
  3 vampire knights
  8 deep elf demonologists
  8 deep elf annihilators
  8 ettins
  An eidolon (Crypt:2)
  10 merfolk impalers
  13 mummy priests
  Snorg (Lair:5)
  9 deep elf death magi
  2 merfolk javelineers (Shoals:4)
  7 jiangshi (Crypt:3)
  A crystal guardian (Vaults:3)
  A fire dragon (Vaults:1)
  9 yaktaur captains
  4 deep elf high priests
  13 naga warriors
  2 great orbs of eyes
  7 anacondas
  28 vault guards
  6 hydras
  A catoblepas (Lair:5)
  5 centaur warriors
  4 merfolk avatars
  An alligator snapping turtle (Shoals:4)
  4 death knights
  10 merfolk aquamancers
  7 ogre magi
  41 death scarabs
  A death yak (Lair:6)
  26 dancing weapons
  A deep troll shaman (Vaults:2)
  4 vampire magi
  2 orc high priests (Orc:2)
  A titan zombie (Crypt:3)
  3 shock serpents
  A deep troll earth mage (Vaults:3)
  13 naga sharpshooters
  18 deep elf knights
  2 salamander mystics (Snake:4)
  2 soul eaters
  27 skeletal warriors
  A shock serpent (shapeshifter) (Elf:1)
  6 shadow wraiths
  A large abomination (Elf:3)
  7 hell knights
  A fire crab (shapeshifter) (Vaults:4)
  An iron giant zombie (Crypt:1)
  An unseen horror (shapeshifter) (Vaults:1)
  11 sea snakes
  A ghost moth zombie (Crypt:2)
  A quicksilver dragon simulacrum (Crypt:3)
  2 unseen horrors
  9 deep elf archers
  15 ironbrand convokers
  7 flayed ghosts
  4 necromancers
  An orange crystal statue (Vaults:3)
  13 deep trolls
  4 wizards
  6 phantasmal warriors
  41 harpies
  17 hill giants
  5 naga ritualists
  12 orc knights
  8 mana vipers
  2 wolf spiders
  7 fauns
  3 hornets
  12 ugly things
  10 manticores
  2 fire giant zombies
  52 deep elf magi
  8 orc sorcerers
  The ghost of cortexin the Carver, a novice HEGl (D:5)
  A hornet (shapeshifter) (Elf:1)
  11 salamanders
  31 black mambas
  3 guardian serpents
  12 cyclopes
  A centaur zombie (D:14)
  A sphinx skeleton (D:15)
  25 naga magi
  An elephant (shapeshifter) (Vaults:5)
  6 water nymphs
  9 sirens
  A fire giant skeleton (Crypt:3)
  11 vault sentinels
  6 spiny frogs
  2 gargoyles (D:15)
  A spiny frog (shapeshifter) (Vaults:1)
  A red draconian zombie (Crypt:3)
  4 centaur skeletons
  3 rime drakes
  28 yaktaurs
  12 komodo dragons
  8 freezing wraiths
  A death yak skeleton (Crypt:3)
  A yaktaur skeleton (Vaults:1)
  An iron troll skeleton (Crypt:2)
  A grey draconian skeleton (Crypt:3)
  21 guardian mummies
  A pale draconian zombie (Crypt:1)
  27 merfolk
  2 tengu conjurers (Vaults:2)
  A ghost moth simulacrum (Crypt:3)
  8 polar bears (Lair:6)
  A queen bee (shapeshifter) (Vaults:3)
  2 polar bears (shapeshifter)
  6 meliai
  13 two-headed ogres
  2 trolls
  9 slime creatures
  7 wind drakes
  Prince Ribbit (D:6)
  A harpy skeleton (Tomb:1)
  A hydra skeleton (Tomb:2)
  10 hippogriffs
  3 raiju (Lair:6)
  A bog body (Crypt:2)
  2 minotaur skeletons (Crypt:2)
  9 blink frogs
  9 snapping turtles
  A meliai zombie (Crypt:2)
  A spriggan zombie (D:15)
  A fire dragon zombie (Crypt:3)
  An ettin skeleton (Vaults:1)
  A spriggan (D:9)
  21 flying skulls
  2 shadows (D:11)
  A tarantella (Vaults:3)
  2 redbacks (Vaults:3)
  3 wyverns
  A fire dragon skeleton (D:15)
  7 air elementals
  6 wraiths
  21 yaks
  A tarantella (shapeshifter) (Vaults:2)
  7 ushabtiu
  19 humans (D:14)
  22 water elementals
  A basilisk (shapeshifter) (Vaults:5)
  A black mamba zombie (Crypt:3)
  6 hogs (Lair:4)
  A vampire mosquito (D:12)
  2 steam dragons
  A golden eye (shapeshifter) (Elf:2)
  A wind drake skeleton (Crypt:3)
  Grum (D:11)
  3 hungry ghosts
  3 fire elementals
  2 mottled dragons
  32 wargs
  A naga (shapeshifter) (Vaults:5)
  65 nagas
  A warg (shapeshifter) (Vaults:4)
  15 water moccasins
  5 hell hounds (Lair:6)
  A monstrous demonspawn skeleton (Crypt:1)
  A soldier ant (D:15)
  5 porcupines
  A porcupine (shapeshifter) (Vaults:5)
  15 black bears
  A wasp (shapeshifter) (D:14)
  47 orc warriors
  4 ice beasts
  2 phantoms
  4 sky beasts
  A black bear (shapeshifter) (Vaults:1)
  A wasp (D:10)
  29 ogres
  3 boggarts (Vaults:3)
  35 wolves
  11 centaurs
  A necrophage (Crypt:3)
  A blink frog skeleton (Crypt:3)
  10 crocodiles
  A hog skeleton (Crypt:1)
  A big kobold (D:12)
  23 bullfrogs
  A human zombie (Vaults:1)
  Blork the orc (D:6)
  An earth elemental (Elf:1)
  A gnoll sergeant (D:9)
  A wyvern zombie (D:13)
  A wyvern skeleton (Crypt:3)
  A water moccasin zombie (Crypt:1)
  A water moccasin skeleton (D:7)
  7 scorpions
  A yak zombie (Crypt:2)
  9 killer bees
  3 wights (Crypt:3)
  5 howler monkeys
  6 electric eels
  A bullfrog zombie (D:11)
  5 crimson imps
  A quasit (D:6)
  5 jellies
  Crazy Yiuf (D:7)
  2 bullfrog skeletons
  22 hounds
  37 orc wizards
  29 orc priests
  11 iguanas
  8 worker ants
  2 killer bee zombies
  A naga skeleton (Crypt:1)
  A felid skeleton (Crypt:2)
  A hound skeleton (Crypt:3)
  33 mummies
  Robin (D:4)
  A howler monkey zombie (Crypt:3)
  15 adders
  6 gnolls
  20 river rats
  3 shadow imps
  2 oozes
  An adder zombie (D:7)
  3 dart slugs
  5 leopard geckos
  119 orcs
  2 ball pythons
  A bat (D:3)
  8 giant cockroaches
  15 goblins
  10 hobgoblins
  8 jackals
  13 kobolds
  4 quokkas
  6 frilled lizards
  A leopard gecko skeleton (D:5)
  A leopard gecko zombie (Crypt:1)
  An orc skeleton (Crypt:2)
  A quokka skeleton (D:9)
  A quokka zombie (Crypt:1)
  3 rats
  A river rat skeleton (Crypt:1)
  A butterfly (Lair:6)
  4 crawling corpses
  7 fungi
  15 plants
  7 tentacles (Shoals:4)
  6 withered plants
2027 creatures vanquished.

Vanquished Creatures (others)
  Vashnia (Snake:4)
  2 deep elf master archers (Elf:3)
  2 stone giants
  A merfolk javelineer (Shoals:4)
  2 yaktaur captains (Vaults:5)
  A centaur warrior (Vaults:1)
  37 death scarabs (Tomb:2)
  An orc high priest (Orc:2)
  An ogre mage (Vaults:2)
  A satyr (Shoals:4)
  4 naga sharpshooters
  2 deep elf archers (Elf:1)
  2 deep elf magi
  A phantasmal warrior (Vaults:4)
  A mana viper (Snake:1)
  A necromancer (Vaults:4)
  4 cyclopes
  2 fauns (Shoals:2)
  A vault sentinel (Vaults:4)
  5 yaktaurs
  A guardian mummy (Tomb:2)
  A merfolk (Shoals:4)
  A troll (Orc:2)
  A harpy skeleton (Tomb:2)
  An air elemental (Elf:1)
  A flying skull (Tomb:2)
  A naga (Snake:1)
  An orc warrior (Vaults:2)
  A boggart (Vaults:3)
  4 centaurs
  An orc priest (Vaults:2)
  A human skeleton (Tomb:2)
  A mummy (Tomb:2)
  5 orcs
  A giant cockroach (D:7)
  9 fungi (Lair:6)
  12 plants
  8 tentacles (Shoals:4)
  10 withered plants (Crypt:3)
133 creatures vanquished.

Grand Total: 2160 creatures vanquished

Notes
Turn   | Place    | Note
-------+----------+-------------------------------------------
     0 | D:1      | jedvagenij the Deep Dwarf Fighter began the quest for the Orb.
     0 | D:1      | Reached XP level 1. HP: 20/20 MP: 1/1
   143 | D:1      | Reached XP level 2. HP: 22/27 MP: 2/2
   560 | D:1      | Reached skill level 1 in Evocations
   716 | D:2      | Reached XP level 3. HP: 21/33 MP: 3/3
  1199 | D:2      | Reached XP level 4. HP: 22/42 MP: 5/5
  1630 | D:3      | Found a bloodstained altar of Trog.
  1642 | D:3      | Reached XP level 5. HP: 23/49 MP: 6/6
  2095 | D:4      | Reached skill level 4 in Shields
  2136 | D:4      | Noticed Robin
  2168 | D:4      | Killed Robin
  2299 | D:4      | Reached XP level 6. HP: 37/56 MP: 7/7
  2308 | D:4      | Found a sparkling altar of Nemelex Xobeh.
  2495 | D:4      | Reached skill level 5 in Axes
  2757 | D:4      | Reached XP level 7. HP: 32/63 MP: 8/8
  2943 | D:5      | Entered Level 5 of the Dungeon
  3099 | D:5      | Noticed cortexin's ghost (novice HEGl)
  3127 | D:5      | Killed cortexin's ghost
  3127 | D:5      | Reached skill level 5 in Armour
  3127 | D:5      | Reached skill level 1 in Dodging
  3127 | D:5      | Reached skill level 5 in Shields
  3219 | D:5      | Reached XP level 8. HP: 48/72 MP: 8/8
  3761 | D:6      | Noticed Prince Ribbit
  3769 | D:6      | Reached skill level 6 in Shields
  3786 | D:6      | Killed Prince Ribbit
  3811 | D:6      | Noticed Blork the orc
  3821 | D:6      | Killed Blork the orc
  3847 | D:6      | Gained mutation: You passively map the area around you. [Deep Dwarf growth]
  3847 | D:6      | Reached XP level 9. HP: 25/79 MP: 9/9
  3868 | D:6      | Found a staircase to the Ecumenical Temple.
  3939 | Temple   | Entered the Ecumenical Temple
  3998 | Temple   | Became a worshipper of Makhleb the Destroyer
  5241 | D:6      | Identified a scroll of acquirement
  5250 | D:6      | Got a steaming broad axe
  5251 | D:6      | Identified the +3 broad axe "Xiabiepn" {drain, rPois MR+ Int+4 Stlth+} (You acquired it on level 6 of the Dungeon)
  5526 | D:6      | Gained mutation: You possess an exceptional clarity of mind. [potion of mutation]
  5526 | D:6      | Gained mutation: You evolve. [potion of mutation]
  5526 | D:6      | Lost mutation: You possess an exceptional clarity of mind. [potion of mutation]
  5527 | D:6      | Gained mutation: You are partially covered in slimy green scales. (AC +2) [potion of mutation]
  5527 | D:6      | Gained mutation: Your flesh is heat resistant. (rF+) [potion of mutation]
  5527 | D:6      | Gained mutation: You possess an exceptional clarity of mind. [potion of mutation]
  5666 | D:7      | Reached skill level 7 in Shields
  5671 | D:7      | Reached skill level 5 in Evocations
  5731 | D:7      | Reached skill level 5 in Fighting
  5918 | D:7      | Found a runed door.
  5922 | D:7      | Noticed Crazy Yiuf
  5927 | D:7      | Killed Crazy Yiuf
  5939 | D:7      | Gained mutation: Your muscles are strong. (Str +2) [evolution]
  6235 | D:8      | Reached * piety under Makhleb
  6239 | D:8      | Reached skill level 10 in Axes
  6499 | D:8      | Reached XP level 10. HP: 67/88 MP: 10/10
  6512 | D:8      | Gained mutation: You are resistant to electric shocks. (rElec) [evolution]
  6557 | D:8      | Gained mutation: Your mind is acute. (Int +2) [potion of mutation]
  6557 | D:8      | Gained mutation: You expend magic power (3 MP) to strengthen your wands. [potion of mutation]
  6634 | D:8      | Noticed an orc knight
  6634 | D:8      | Noticed an orc sorcerer
  6649 | D:8      | Noticed a soul eater
  6657 | D:8      | Killed an orc knight
  6657 | D:8      | Reached skill level 8 in Shields
  6659 | D:8      | Noticed a soul eater
  6662 | D:8      | Killed an orc sorcerer
  6669 | D:8      | Reached ** piety under Makhleb
  7792 | D:9      | Found a shadowy altar of Dithmenos.
  7804 | D:9      | Found a staircase to the Lair.
  7855 | D:9      | Found Ackayvo's Jewellery Emporium.
  7860 | D:9      | Found a radiant altar of Vehumet.
  7955 | D:9      | Reached *** piety under Makhleb
  8214 | D:9      | Reached XP level 11. HP: 96/98 MP: 11/11
  8721 | D:10     | Entered Level 10 of the Dungeon
  8728 | D:10     | Reached skill level 9 in Shields
  8979 | D:10     | Reached **** piety under Makhleb
  9003 | D:10     | Lost mutation: You expend magic power (3 MP) to strengthen your wands. [potion of mutation]
  9003 | D:10     | Lost mutation: You evolve. [potion of mutation]
  9248 | D:11     | Found a flickering gateway to a bazaar.
  9266 | D:11     | Noticed Grum
  9277 | D:11     | Killed Grum
  9323 | Bazaar   | Entered a bazaar
  9325 | Bazaar   | Found Megonkuodd's Gadget Boutique.
  9329 | Bazaar   | Found Roamp's General Store.
  9329 | Bazaar   | Found Wekleonn's Book Boutique.
  9329 | Bazaar   | Found Natygema's General Store.
  9347 | Bazaar   | Bought a potion of beneficial mutation for 210 gold pieces
  9362 | Bazaar   | Bought a wand of acid (11/15) for 210 gold pieces
  9362 | Bazaar   | Bought a wand of paralysis (10/24) for 84 gold pieces
  9385 | D:11     | Gained mutation: You are mostly covered in slimy green scales. (AC +3) [potion of beneficial mutation]
  9501 | D:11     | Noticed a hill giant
  9523 | D:11     | Killed a hill giant
  9546 | D:11     | Found a staircase to the Orcish Mines.
  9780 | Lair:1   | Entered Level 1 of the Lair of Beasts
 10967 | Lair:2   | Reached ***** piety under Makhleb
 12092 | Lair:3   | Reached XP level 12. HP: 104/109 MP: 12/12
 12180 | Lair:3   | Reached skill level 10 in Shields
 12724 | Lair:3   | Noticed a seven-headed hydra
 12731 | Lair:3   | Killed a nine-headed hydra
 12742 | Lair:3   | Found a staircase to the Snake Pit.
 13146 | Lair:4   | Reached skill level 1 in Maces & Flails
 13278 | Lair:4   | Noticed Kirke
 13303 | Lair:4   | Killed Kirke
 13309 | Lair:4   | Found a staircase to the Shoals.
 13573 | Lair:5   | Noticed a six-headed hydra
 13592 | Lair:5   | Killed a six-headed hydra
 13592 | Lair:5   | Reached skill level 15 in Axes
 13597 | Lair:5   | Reached skill level 11 in Shields
 13613 | Lair:5   | Noticed a five-headed hydra
 13622 | Lair:5   | Killed a five-headed hydra
 13691 | Lair:5   | Noticed Snorg
 13711 | Lair:5   | Killed Snorg
 13724 | Lair:5   | Found a viscous altar of Jiyva.
 13725 | Lair:5   | Found a staircase to the Slime Pits.
 13758 | Lair:5   | Noticed a catoblepas
 13781 | Lair:5   | Killed a catoblepas
 13781 | Lair:5   | Reached XP level 13. HP: 109/117 MP: 13/13
 14229 | Lair:6   | Entered Level 6 of the Lair of Beasts
 14956 | Lair:6   | Reached skill level 10 in Armour
 15010 | Lair:6   | Reached skill level 12 in Shields
 15061 | Lair:6   | Reached skill level 10 in Evocations
 15513 | Shoals:1 | Entered Level 1 of the Shoals
 15566 | Shoals:1 | Found Caesaud's Armour Emporium.
 15574 | Shoals:1 | Bought a +1 pair of boots of flying for 297 gold pieces
 15650 | Shoals:1 | Gained mutation: You resist negative energy. (rN+) [Deep Dwarf growth]
 15650 | Shoals:1 | Reached XP level 14. HP: 129/129 MP: 15/15
 15831 | Shoals:1 | Gained mutation: You are partially covered in molten scales. (AC +2) [potion of beneficial mutation]
 16330 | Shoals:2 | Reached skill level 13 in Shields
 16499 | Shoals:2 | Reached ****** piety under Makhleb
 16740 | Shoals:2 | Reached skill level 10 in Fighting
 17750 | Shoals:3 | Reached skill level 14 in Shields
 17989 | Shoals:3 | Reached XP level 15. HP: 138/138 MP: 17/17
 18227 | Shoals:4 | Entered Level 4 of the Shoals
 18308 | Shoals:4 | Noticed Ilsuiw
 18528 | Shoals:4 | Killed Ilsuiw
 18678 | Shoals:4 | Got a fine helmet
 18689 | Shoals:4 | Identified the +5 helmet of the Fiddle {rN+ Regen+ Str+3 Slay-2} (You found it on level 4 of the Shoals)
 18809 | Shoals:4 | Noticed a kraken
 18835 | Shoals:4 | Killed a kraken
 18850 | Shoals:4 | Got a barnacled rune of Zot
 18922 | Shoals:4 | Noticed a kraken
 18935 | Shoals:4 | Reached skill level 15 in Shields
 18937 | Shoals:4 | Killed a kraken
 19002 | Shoals:4 | Noticed Bai Suzhen
 19031 | Shoals:4 | Killed Bai Suzhen
 19075 | Shoals:4 | Reached XP level 16. HP: 87/150 MP: 19/19
 19708 | Snake:1  | Entered Level 1 of the Snake Pit
 19952 | Snake:1  | Noticed Nikola
 19986 | Snake:1  | Killed Nikola
 20427 | Snake:2  | Found a shimmering altar of Xom.
 20678 | Snake:2  | Reached skill level 16 in Shields
 20984 | Snake:3  | Noticed Aizul
 21004 | Snake:3  | Killed Aizul
 21647 | Snake:3  | Reached XP level 17. HP: 159/159 MP: 18/18
 22049 | Snake:4  | Entered Level 4 of the Snake Pit
 22220 | Snake:4  | Noticed Vashnia
 22290 | Snake:4  | Killed Vashnia
 22290 | Snake:4  | Reached skill level 17 in Shields
 22291 | Snake:4  | Noticed Louise
 22315 | Snake:4  | Killed Louise
 22735 | Snake:4  | Noticed Jorgrun
 22762 | Snake:4  | Killed Jorgrun
 22877 | Snake:4  | Got a serpentine rune of Zot
 23322 | D:12     | Reached skill level 18 in Shields
 24356 | D:14     | Got a fine war axe
 24357 | D:14     | Identified the cursed +0 war axe "Tilumum" {antimagic, Str+4} (You found it on level 14 of the Dungeon)
 24442 | D:14     | Found an iron altar of Okawaru.
 24717 | D:14     | Gained mutation: You are resistant to hostile enchantments. (MR+) [potion of beneficial mutation]
 24718 | D:14     | Gained mutation: You have sharp fingernails. [potion of beneficial mutation]
 24760 | D:14     | Found a gate to the Vaults.
 24772 | D:14     | Gained mutation: You passively map a large area around you. [Deep Dwarf growth]
 24772 | D:14     | Reached XP level 18. HP: 169/169 MP: 20/20
 25245 | Orc:1    | Entered Level 1 of the Orcish Mines
 25465 | Orc:1    | Found a roughly hewn altar of Beogh.
 25998 | Orc:1    | Got a bloodstained morningstar
 26000 | Orc:1    | Got a blackened mace
 26003 | Orc:1    | Identified the +10 morningstar of Mana {crush, rPois} (You found it on level 1 of the Orcish Mines)
 26004 | Orc:1    | Identified the +1 mace of the Open Hand {pain, rN+} (You found it on level 1 of the Orcish Mines)
 26385 | Orc:1    | Got a fine great sword
 26395 | Orc:1    | Identified the cursed +1 great sword of Accord {flame, *Rage +Inv Stlth+} (You found it on level 1 of the Orcish Mines)
 26468 | Orc:2    | Entered Level 2 of the Orcish Mines
 26570 | Orc:2    | Found a roughly hewn altar of Beogh.
 26930 | Orc:2    | Found Gusibod's Book Emporium.
 26930 | Orc:2    | Found Qiaroso's Food Shoppe.
 26931 | Orc:2    | Found Qiviv's Antique Armour Shoppe.
 26934 | Orc:2    | Found Niej's Food Emporium.
 26980 | Orc:2    | Bought a pair of embroidered gloves for 108 gold pieces
 27040 | Orc:2    | Found a staircase to the Elven Halls.
 27307 | Elf:1    | Entered Level 1 of the Elven Halls
 27328 | Elf:1    | Found a radiant altar of Vehumet.
 27365 | Elf:1    | Reached skill level 1 in Invocations
 27410 | Elf:1    | Found Afimaidghasa's Antique Weapon Shop.
 27412 | Elf:1    | Found Fuleqoda's Book Boutique.
 27412 | Elf:1    | Found Faemotoh's Antique Armour Shop.
 27415 | Elf:1    | Found Bus Desm's Magic Scroll Boutique.
 27434 | Elf:1    | Bought a scroll of recharging for 161 gold pieces
 27434 | Elf:1    | Bought 3 scrolls of magic mapping for 178 gold pieces
 27447 | Elf:1    | Bought the +2 cloak of the Thief {+Fog Slay-2 SInv Stlth+} for 1597 gold pieces
 27713 | Elf:1    | Found Setes's Food Shoppe.
 28313 | Elf:2    | Found Gudgh's Book Shop.
 28606 | Elf:2    | Found a runed gate.
 28608 | Elf:2    | Found a runed gate.
 28611 | Elf:2    | Found a runed gate.
 28645 | Elf:2    | Reached skill level 19 in Shields
 29045 | Elf:3    | Entered Level 3 of the Elven Halls
 29046 | Elf:3    | Reached XP level 19. HP: 151/180 MP: 22/22
 29216 | Elf:3    | Gained mutation: Scrolls take you a little longer to read. [a neqoxec]
 29427 | Elf:3    | Noticed Deemzul's ghost (adept DsBe)
 29466 | Elf:3    | Killed Deemzul's ghost
 29579 | Elf:3    | Noticed a Tzitzimitl
 29581 | Elf:3    | Noticed a Tzitzimitl
 29584 | Elf:3    | Noticed a Brimstone Fiend
 29696 | Elf:3    | Reached skill level 15 in Evocations
 29705 | Elf:3    | Noticed a Brimstone Fiend
 29878 | Elf:3    | Got a pitted war axe {chop}
 29891 | Elf:3    | Identified the +8 war axe of Ragnarok {chop, *Noise rElec rPois Int+7} (You took it off a deep elf elementalist on level 3 of the Elven Halls)
 29898 | Elf:3    | Got a pitted glaive {speed}
 29904 | Elf:3    | Identified the +4 glaive of Veuroirphuvu {speed, Stlth+} (You took it off a deep elf annihilator on level 3 of the Elven Halls)
 29931 | Elf:3    | Got a sparkling copper amulet
 29933 | Elf:3    | Identified the amulet "Istrife" {Dismiss rElec rC+ Str+2 Dex-4 SInv} (You took it off a deep elf death mage on level 3 of the Elven Halls)
 30230 | Elf:3    | Noticed e25's ghost (adept DsGl)
 30254 | Elf:3    | Killed e25's ghost
 30427 | Elf:3    | Reached skill level 5 in Invocations
 30532 | Elf:3    | Noticed a Tzitzimitl
 30534 | Elf:3    | Noticed a Tzitzimitl
 30534 | Elf:3    | Reached skill level 20 in Shields
 30820 | D:15     | Entered Level 15 of the Dungeon
 30863 | D:15     | Found a shattered altar of Ashenzari.
 31019 | D:15     | Found a staircase to the Depths.
 31476 | Vaults:1 | Entered Level 1 of the Vaults
 31836 | Vaults:1 | Gained mutation: You have a pair of small horns on your head. [potion of mutation]
 31836 | Vaults:1 | Lost mutation: You have a pair of small horns on your head. [potion of mutation]
 31948 | Vaults:1 | Found Ladaat's Antique Armour Boutique.
 31996 | Vaults:1 | Reached XP level 20. HP: 190/190 MP: 23/23
 32936 | Vaults:2 | Found a radiant altar of Vehumet.
 32947 | Vaults:2 | Reached skill level 5 in Dodging
 33238 | Vaults:2 | Reached skill level 21 in Shields
 33541 | Vaults:2 | Found Luekh's Antique Armour Shop.
 33895 | Vaults:3 | Found a hazy altar of Hepliaklqana.
 33975 | Vaults:3 | Found a staircase to the Crypt.
 33975 | Vaults:3 | Found an ancient bone altar of Kikubaaqudgha.
 33976 | Vaults:3 | Found a basalt altar of Yredelemnul.
 34652 | Vaults:3 | Noticed Jory
 34686 | Vaults:3 | Killed Jory
 35521 | Vaults:4 | Reached XP level 21. HP: 200/200 MP: 24/24
 35805 | Vaults:4 | Reached skill level 15 in Fighting
 35828 | Vaults:4 | HP: 9/201 [war gargoyle/spray of metal splinters (47)]
 36331 | Vaults:4 | Noticed Mennas
 36357 | Vaults:4 | Killed Mennas
 36754 | Vaults:4 | Reached skill level 15 in Armour
 36982 | Vaults:5 | Entered Level 5 of the Vaults
 37041 | Vaults:4 | Reached skill level 22 in Shields
 37231 | Vaults:5 | Noticed a golden dragon
 37268 | Vaults:4 | Killed a golden dragon
 37494 | Vaults:5 | Reached XP level 22. HP: 200/211 MP: 20/20
 37519 | Vaults:5 | Reached skill level 10 in Invocations
 37532 | Vaults:5 | Reached skill level 10 in Dodging
 37707 | Vaults:5 | Got a clouded golden ring
 37710 | Vaults:5 | Identified the ring "Reibem" {+Fly rF+ Int+3} (You found it on level 5 of the Vaults)
 37757 | Vaults:5 | Got an iridescent war axe
 37758 | Vaults:5 | Identified the +0 war axe "Mihoxt" {holy, rPois Str+4 Int-2 SInv} (You found it on level 5 of the Vaults)
 37835 | Vaults:5 | Got a silver rune of Zot
 38258 | Vaults:5 | Reached skill level 23 in Shields
 38448 | Vaults:5 | Noticed a golden dragon
 38463 | Vaults:5 | Killed a golden dragon
 38529 | Vaults:5 | Noticed Frederick
 38545 | Vaults:5 | Killed Frederick
 38717 | Crypt:1  | Entered Level 1 of the Crypt
 38746 | Crypt:1  | Noticed Xtahua
 38766 | Crypt:1  | Killed Xtahua
 39205 | Crypt:2  | Reached XP level 23. HP: 220/220 MP: 21/21
 39844 | Crypt:3  | Entered Level 3 of the Crypt
 40626 | Crypt:3  | Found a staircase to the Tomb.
 40835 | Crypt:3  | Found a basalt altar of Yredelemnul.
 40838 | Crypt:3  | Found an ancient bone altar of Kikubaaqudgha.
 40881 | Crypt:3  | Got a vibrating marble ring
 40881 | Crypt:3  | Got a smoking brass ring
 40881 | Crypt:3  | Got a bound granite ring
 40883 | Crypt:3  | Identified the ring of Aguump {*Contam rPois rN+ Dex+8} (You found it on level 3 of the Crypt)
 40885 | Crypt:3  | Identified the ring "Yloasym" {rN+ Str+3 Int+4 Dex+7} (You found it on level 3 of the Crypt)
 40887 | Crypt:3  | Identified the ring of Soawkele {*Drain rPois rN+ Str+4 Slay+4} (You found it on level 3 of the Crypt)
 40975 | Crypt:3  | Got a fine flail
 40976 | Crypt:3  | Identified the +4 flail "Hopianusch" {drain, MR+} (You found it on level 3 of the Crypt)
 41085 | Tomb:1   | Entered Level 1 of the Tomb of the Ancients
 41235 | Tomb:1   | Reached skill level 24 in Shields
 41460 | Tomb:1   | Noticed a greater mummy
 41621 | Tomb:1   | Killed a greater mummy
 41722 | Tomb:1   | Reached XP level 24. HP: 209/231 MP: 16/16
 41949 | Tomb:1   | Noticed a greater mummy
 41956 | Tomb:1   | Killed a greater mummy
 42020 | Tomb:2   | Noticed a greater mummy
 42022 | Tomb:2   | Noticed a greater mummy
 42025 | Tomb:2   | Noticed a greater mummy
 42026 | Tomb:2   | Noticed a greater mummy
 42052 | Tomb:1   | Killed a greater mummy
 42084 | Tomb:1   | HP: 11/231 [greater mummy (2)]
 42088 | Tomb:1   | Killed a greater mummy
 42097 | Tomb:1   | Killed a greater mummy
 42268 | Tomb:2   | HP: 6/231 [mummy priest/divine providence (7)]
 42322 | Tomb:2   | Killed a greater mummy
 42662 | Tomb:1   | Noticed a greater mummy
 42662 | Tomb:1   | Noticed a greater mummy
 42666 | Tomb:1   | Noticed a greater mummy
 42683 | Tomb:1   | Killed a greater mummy
 42690 | Tomb:1   | Killed a greater mummy
 42700 | Tomb:1   | Killed a greater mummy
 42824 | Tomb:1   | Noticed a greater mummy
 42825 | Tomb:1   | Noticed a greater mummy
 42829 | Tomb:1   | Noticed a greater mummy
 42836 | Tomb:1   | Noticed a greater mummy
 42843 | Tomb:1   | Killed a greater mummy
 42851 | Tomb:1   | HP: 10/231 [greater mummy/divine providence (11)]
 42854 | Tomb:1   | HP: 3/231 [greater mummy/divine providence (6)]
 42875 | Tomb:1   | Killed a greater mummy
 42875 | Tomb:1   | Reached skill level 25 in Shields
 42877 | Tomb:1   | HP: 11/231 [poisoned by an emperor scorpion]
 42881 | Tomb:1   | Slain by an ettin simulacrum

Vault maps used:
D:1:      enne_arrival_octagon_isle, st_stairs_14, minmay_heptomino_o4
D:3:      old_standard_altar, first_bread, serial_glass, glass_columns_c,
          glass_columns_a, minmay_strange_pillars
D:4:      lemuel_round_altar, hangedman_minor_gate_pass, uniq_robin
D:6:      minivault_1, kennysheep_path_1, water_maze_lemuel,
          uniq_prince_ribbit1, uniq_blork_the_orc
D:7:      uniq_crazy_yiuf_cottage
D:8:      lemuel_castle_with_subvaults
D:9:      vehumet_altar_wand_db, lair_0_dummy, serial_shops,
          nicolae_shop_statue_plus, grunt_pizzeria,
          grunt_dithmenos_smoke_and_mirrors
D:11:     orc_0_dummy, serial_shops, bzr_entry_water, minmay_misc_feat_iff,
          uniq_grum
D:14:     grunt_vaults_entry_tiered, lemuel_tele_altar
D:15:     gammafunk_depths_entry_grave, ashenzari_altar_1
Temple:   compressed_dpeg_circular_temple
Lair:1:   infiniplex_staircase_pool_2
Lair:2:   pond, grunt_megastairs_3
Lair:3:   minmay_snake_entry_guardpost_small, minivault_23, lemuel_fruit_tree
Lair:4:   minmay_shoals_entry_hut, st_stairs_5, uniq_kirke
Lair:5:   slime_altar_1, infiniplex_staircase_pool, uniq_snorg
Lair:6:   hangedman_lair_caniforms_friends, grunt_megastairs_5,
          serial_bayou_shore_a, lemuel_fruit_fields
Shoals:1: serial_shops, shop, nicolae_shoals_loop_pool
Shoals:4: shoals_end_hangedman, shoal_ilsuiw,
          nicolae_shoals_siren_and_animal_friends, uniq_bai_suzhen
Snake:1:  uniq_nikola
Snake:2:  basic_altar
Snake:3:  uniq_aizul
Snake:4:  minmay_snake_end_coiled, grunt_megastairs_4, uniq_jorgrun,
          uniq_louise, uniq_vashnia, uniq_mara
Orc:1:    giant_chief_lemuel, serial_shops, basic_altar
Orc:2:    st_orc_mages, basic_altar
Elf:1:    eino_elf_arrival_altar, serial_shops, shop, minivault_28,
          minivault_28, minmay_shoptagon
Elf:2:    serial_shops, shop
Elf:3:    elf_hall_gauntlet_narrow
Vaults:1: vaults_dpeg_spiral, v_misc_3, nicolae_vaults_little_squares_4,
          grunt_vaults_diagonal, v_rooms_2, hangedman_vaults_maws,
          hangedman_vaults_stretched_pinwheel, v_pattern_4, vaults_dpeg_ring,
          vaults_room_door_hall, v_misc_25, serial_shops, shop_fountains
Vaults:2: vaults_dpeg_hooks, v_alt_pattern_4, v_misc_32, v_pattern_3,
          vaults_room_door_hall, nicolae_vaults_windows_and_doors_thing,
          hangedman_vaults_slice, nicolae_vaults_little_squares_1,
          grunt_tower_of_power, ontoclasm_vaults_loading_screen,
          vaults_room_ringed_pool, vaults_room_door_hall, serial_shops,
          nicolae_shop_behind_doors
Vaults:3: minmay_crypt_entry_necro_gods, v_misc_27, v_misc_24, v_misc_23,
          nicolae_vaults_statue_guard, nicolae_vaults_circle_grid_b,
          nicolae_vaults_alarming, hangedman_vaults_river_flow, v_alt_pattern_5,
          nicolae_vaults_little_squares_4, nicolae_vaults_mini_display_case,
          basic_altar, uniq_jory
Vaults:4: v_misc_4, nicolae_vaults_ring_of_whatevers, grunt_vaults_swirl,
          v_pattern_5, nicolae_vaults_hallways_thing,
          nicolae_vaults_disjoint_gnomons, nicolae_vaults_shelves_hall,
          vaults_room_hallway, nicolae_vaults_little_squares_4,
          ontoclasm_vaults_ligature, nicolae_vaults_minivaults,
          hangedman_vaults_pinch, hangedman_vaults_trim, uniq_mennas
Vaults:5: serial_shops, uniq_frederick
Crypt:1:  uniq_xtahua
Crypt:2:  basic_stair_grate_trap, roderic_lattice_octagonal_star
Crypt:3:  lightli_unholy_cathedral, tomb_entry_forgotten_bobbens
Bazaar:   bazaar_minmay_cross

Skill      XL: |  1  2  3  4  5  6  7  8  9 10 11 12 13 14 15 16 17 18 19 20 21 22 23 24 |
---------------+-------------------------------------------------------------------------+-----
Evocations     | 1 2 3 4 5 6 8 9 10 11 12 13 14 15 16 17 18 | 18.3
Axes           | 3 4 5 6 8 10 12 13 15 16 17 18 19 20 21 22 | 22.4
Fighting       | 3 4 5 6 7 8 9 10 11 12 13 14 15 16 | 16.9
Armour         | 4 5 6 7 8 9 10 11 12 13 14 15 16 | 16.3
Shields        | 4 5 6 7 8 9 11 12 14 15 16 18 19 20 21 22 23 24 25 | 25.0
Dodging        | 1 2 3 7 9 11 12 13 | 13.8
Maces & Flails | 1 2 4 |  4.4
Invocations    | 3 6 8 9 11 12 13 | 13.2

Action                   |  1- 3 |  4- 6 |  7- 9 | 10-12 | 13-15 | 16-18 | 19-21 | 22-24 || total
-------------------------+-------+-------+-------+-------+-------+-------+-------+-------++-------
Melee: War axe           |   120 |   196 |   185 |       |       |       |  1576 |  1395 ||  3472
       Broad axe         |       |       |   106 |   749 |  1043 |  1692 |   260 |       ||  3850
       Morningstar       |       |       |       |    31 |    60 |   169 |       |       ||   260
Invok: Greater Servant o |       |       |       |       |       |       |     2 |       ||     2
 Abil: Device Recharging |       |       |     4 |     2 |       |     2 |     6 |    17 ||    31
       Stop Flying       |       |       |       |       |       |     1 |     1 |       ||     2
       Evoke Flight      |       |       |       |       |       |     1 |       |       ||     1
       Evoke Fog         |       |       |       |       |       |     1 |       |       ||     1
Evoke: Wand              |       |     3 |    19 |    12 |    14 |     3 |    71 |    78 ||   200
       Disc of storms    |       |       |       |       |       |     2 |       |    12 ||    14
       Rod               |       |       |       |       |       |       |       |     2 ||     2
  Use: Scroll            |       |       |    14 |    23 |     7 |    18 |    14 |    11 ||    87
       Potion            |       |       |     9 |     4 |     7 |     2 |    11 |    10 ||    43
 Stab: Confused          |       |     2 |     2 |     1 |       |       |       |       ||     5
       Paralysed         |       |       |       |     3 |       |       |       |       ||     3
       Distracted        |       |       |       |       |       |     1 |     2 |       ||     3
  Eat: Bread ration      |       |     1 |     1 |     2 |       |       |       |       ||     4
       Pizza             |       |     1 |       |       |    10 |     5 |     2 |     3 ||    21
       Meat ration       |       |       |     2 |     3 |       |       |       |     1 ||     6
       Royal jelly       |       |       |     1 |     2 |       |     1 |       |     1 ||     5
       Fruit             |       |       |       |     2 |       |     8 |     2 |    10 ||    22
       Beef jerky        |       |       |       |       |       |    17 |    16 |     1 ||    34
Armor: Scale mail        |    58 |    87 |   101 |    10 |       |       |       |       ||   256
       Plate armour      |       |       |       |   311 |   504 |   417 |   406 |   742 ||  2380
       Skin              |       |       |       |       |       |       |       |    17 ||    17
Dodge: Dodged            |    40 |    48 |    83 |   178 |   342 |   305 |   268 |   602 ||  1866
Block: Shield            |    56 |   131 |   215 |   629 |  1224 |   215 |       |       ||  2470
       Reflection        |       |       |    13 |    21 |    67 |   265 |   127 |    51 ||   544
       Large shield      |       |       |       |       |       |  1966 |  2026 |  2448 ||  6440
